Map: Taito Citadel LE

Players

HoldTheDoor

  • Race: Protoss Protoss
  • League: Diamond
  • Spawn Location: 5:00

DaoX - Winner!

  • Race: Zerg Zerg
  • League: Diamond
  • Spawn Location: 11:00

VOD

Have the link to the VOD?

Description

Time

  • Played on: May 23, 2026, 12:12 p.m.
  • Length: 12:18
Show
View Real Time Build Order
Export as new Build Order

HoldTheDoor Protoss 

Build Orders:  

Get SALT Encoding   

  12  0:00  Probe  
  13  0:12  Probe  
  14  0:18  Pylon  
  14  0:24  Probe  
  15  0:32  Probe  
  15  0:39  Gateway  
  15  0:41  Probe  
  16  0:49  Assimilator  
  17  0:51  Probe  
  18  1:03  Probe  
  19  1:07  Forge  
  19  1:15  Probe  
  20  1:27  Probe  
  21  1:37  Cybernetics Core  
  21  1:41  Photon Cannon  
  21  1:46  Pylon, Probe  
  22  2:08  Nexus  
  22  2:09  Probe  
  23  2:17  Pylon  
  23  2:22  Warp Gate  
  23  2:32  Stalker  
  23  2:35  Probe  
  26  2:47  Probe  
  26  2:50  Pylon  
  27  2:59  Stalker, Probe  
  27  3:03  Robotics Facility  
  30  3:14  Probe  
  31  3:21  Probe  
  31  3:24  Gateway  
  31  3:27  Gateway  
  32  3:28  Probe  
  32  3:33  Probe  
  34  3:40  Warp Prism  
  34  3:49  Probe  
  34  3:54  Photon Cannon  
  37  3:57  Probe  
  38  4:12  Gateway  
  38  4:16  Gateway  
  38  4:17  Gateway  
  38  4:22  Gateway  
  38  4:37  Stalker  
  38  4:38  Stalker  
  42  4:51  Pylon  
  42  4:54  Shield Battery  
  42  5:00  Probe  
  42  5:03  Stalker  
  45  5:12  Probe  
  45  5:13  Probe  
  47  5:18  Pylon  
  47  5:25  Stalker x3  
  44  5:45  Stalker  
  44  5:46  Stalker x2  
  44  5:47  Probe  
  44  5:55  Nexus  
  43  6:20  Stalker  
  43  6:22  Zealot  
  47  6:31  Pylon  
  47  6:33  Pylon  
  47  6:35  Pylon  
  47  6:37  Pylon  
  47  6:38  Shield Battery  
  47  6:40  Shield Battery  
  47  6:42  Photon Cannon  
  47  6:59  Shield Battery  
  47  7:00  Pylon  
  47  7:16  Photon Cannon  
  47  7:18  Cybernetics Core  
  47  7:23  Probe  
  48  7:32  Photon Cannon  
  48  7:34  Photon Cannon  
  48  7:35  Photon Cannon  
  48  7:52  Probe  
  49  8:04  Probe  
  50  8:13  Stalker x3  
  54  8:23  Probe  
  54  8:26  Assimilator  
  55  8:31  Photon Cannon  
  55  8:33  Photon Cannon  
  55  8:35  Probe  
  44  8:59  Nexus  
  44  9:03  Photon Cannon  
  44  9:05  Photon Cannon  
  44  9:07  Photon Cannon  
  44  9:10  Photon Cannon  
  44  9:12  Photon Cannon  
  44  9:18  Pylon  
  44  9:20  Pylon  
  44  9:25  Assimilator  
  44  9:26  Immortal  
  48  9:37  Zealot x5  
  48  9:38  Zealot x2  
  62  9:51  Pylon  
  62  9:56  Pylon  
  62  10:02  Probe  
  63  10:15  Stalker  
  63  10:17  Zealot x3  
  63  10:18  Zealot  
  65  10:32  Zealot  
  65  10:33  Zealot  
  59  10:41  Stalker x2  
  59  10:50  Zealot  
  59  10:51  Zealot x2  
  59  10:59  Stalker  
  41  11:30  Stalker x2  
  31  11:39  Zealot  
  33  11:40  Zealot x4  
  33  11:42  Probe  
  33  11:44  Assimilator  
  33  11:45  Probe  
  44  11:54  Probe  
  44  11:57  Probe  
  45  12:12  Zealot x2  
  45  12:14  Zealot  
Show
View Real Time Build Order
Export as new Build Order

DaoX Zerg - Winner!

Build Orders: Pool Only, Swarm Host 

Get SALT Encoding   

  12  0:02  Drone  
  13  0:11  Drone  
  14  0:17  Overlord  
  14  0:35  Spawning Pool  
  13  0:38  Drone  
  13  0:41  Drone  
  15  0:45  Drone  
  16  0:50  Extractor  
  16  0:54  Extractor  
  16  0:55  Drone  
  15  1:01  Drone  
  16  1:12  Drone  
  17  1:22  Queen  
  17  1:24  Zergling x2  
  20  1:37  Spine Crawler  
  20  1:39  Drone  
  20  1:44  Drone  
  21  2:05  Lair, Drone  
  22  2:13  Overlord  
  22  2:32  Drone  
  22  2:34  Drone  
  24  2:41  Drone  
  25  2:49  Drone  
  26  3:12  Infestation Pit  
  25  3:15  Nydus Network  
  25  3:16  Overlord x2  
  25  3:19  Drone  
  25  3:48  Swarm Host x5  
  25  3:49  Swarm Host  
  43  3:56  Spore Crawler  
  43  4:01  Spore Crawler  
  41  4:06  Nydus Canal  
  41  4:14  Drone x3  
  44  4:22  Spine Crawler  
  40  5:01  Hydralisk Den  
  40  5:04  Nydus Canal  
  39  5:12  Drone  
  40  5:22  Spine Crawler  
  27  5:59  Swarm Host x3  
  27  6:00  Swarm Host x3  
  45  6:11  Spine Crawler  
  43  6:17  Spine Crawler  
  42  6:20  Spine Crawler  
  42  6:23  Nydus Canal  
  41  6:36  Drone x4  
  45  7:13  Overlord x3  
  45  7:16  Grooved Spines  
  45  7:21  Nydus Canal  
  45  7:33  Hydralisk  
  45  7:34  Hydralisk x2  
  51  8:12  Hydralisk x3  
  51  8:13  Hydralisk x2  
  55  8:55  Hydralisk  
  55  8:56  Hydralisk x2  
  61  9:17  Overlord x3  
  61  9:21  Muscular Augments  
  61  9:35  Nydus Canal  
  61  9:38  Hydralisk x3  
  67  9:49  Spore Crawler  
  66  9:58  Spine Crawler  
  65  10:12  Nydus Canal  
  65  10:20  Hydralisk x3  
  65  10:21  Hydralisk  
  60  11:36  Nydus Canal  
  60  11:45  Hydralisk x5  
  70  11:47  Zergling x6  
  70  11:48  Zergling x2  
Tags
 
Composition
Swarm Host
Matchup
PvZ
Opening
Pool Only
Replay Pack
SC2Mai2026
Spawn Locations
Cross Positions
Add a new tag
Caveats
  • Supply blocks, unpowered buildings, or Contaminate may cause inaccurate times.
  • Supply counts are checked every 10 seconds.